AoeStats
← Megiago

Hideout

507466481Analyzed
1v1 RM · 14d ago on Sep 18, 2026· 41m 51s· 2 players
Game mode
Random Map
Map size
Tiny (2 player)
Population
200
Speed
Normal
Resources
Standard
Victory
Conquest
Starting age
Dark Age
Ending age
Imperial Age
RankedLock teamsTeams togetherTeam positionsShared explorationLock speedFull tech treeHidden civsTurbo modeCheats
Victory
Defeat
🇮🇳 Poles · India
1430
+19
🇩🇪 Byzantines · Germany
1501
-19
Megiago
7:01 Loom
10:00 Feudal Age
8:55 Loom
27:01 Castle Age
25:24 Fletching
25:50 Double-Bit Axe
27:17 Crossbowman
29:06 Bodkin Arrow
Maharaj Makhan Singh
6:53 Loom
9:32 Feudal Age
10:15 Man-at-Arms
18:29 Fletching
19:26 Forging
19:55 Wheelbarrow
20:40 Double-Bit Axe
27:14 Castle Age
25:43 Horse Collar
26:32 Gold Mining
29:54 Bodkin Arrow
34:20 Bow Saw
38:06 Imperial Age
37:48 Heavy Plow
39:27 Conscription
40:57 Bracer
41:33 Scale Mail Armor
42:08 Iron Casting
Connection lost

Rejoining the realm…

Still unreachable

The connection could not be restored.

Session expired

The server has moved on; the page needs a fresh start.